Unix xNetHack Version 7.1.0 - last build Dec 11 2022 15:18:36 (91bc4d2507b4b34ac92889b06d50a936f6bde808). Game began 2022-12-29 20:26:15, ended 2022-12-29 20:33:35. UristMcRaven, chaotic female elven Wizard ---- --..| |...---- --.....| |.....| --...-- ---- --.-| |..-- -- | | -- -- -- | |..| |...---- .....................| |-.--------|Q.)..G.G.h........................- --...||..|.-|.----- .(.....G................- |...--|.....|.| ....................>..... |...|--.......| -- ....--- -- --..--....-.--- | |...<-.%...| |.......---- --------- UristMcRaven the Conjurer St:10 Dx:16 Co:10 In:18 Wi:11 Ch:11 Chaotic Dlvl:3 $:25 HP:0(16) Pw:20(25) AC:9 Xp:3/64 T:1150 Burdened Latest messages: In what direction? In what direction? In what direction? In what direction? In what direction? You kick at empty space. You hear a pick striking rock. There is an object here. v - a stone figurine of a goblin {50}. There is a doorway here. There are a few objects here. There is a doorway here. You see here 4 rocks. You hear the splashing of a naiad. You hear Olycan cursing shoplifters. Where do you want to travel to? (For instructions type a '?') Where do you want to travel to? (For instructions type a '?') Where do you want to travel to? (For instructions type a '?') You descend the stairs. In what direction? The spell hits the giant bat! You kill the giant bat! You climb up the stairs. Where do you want to travel to? (For instructions type a '?') You descend the stairs. In what direction? The spell hits the dwarf! You kill the dwarf! There are two objects here. w - a dagger {10}. You have a little trouble lifting x - a pair of copper hard shoes {53}. Your movements are slowed slightly because of your load. The gnome lord throws 2 darts! The 1st dart hits the gnome. The gnome is killed! You are hit by the 2nd dart! You recoil from the touch of iron! In what direction? The spell hits the gnome lord. The gnome shoots 2 crossbow bolts! You are hit by the 1st crossbow bolt! You recoil from the touch of iron! You are hit by the 2nd crossbow bolt! You recoil from the touch of iron! You die... Do you want your possessions identified? [ynq] (y) Major events: Turn 1: UristMcRaven the chaotic female elven Wizard entered the dungeon 604: attained the rank of Conjurer (level 3) 914: entered the Gnomish Mines 1150: killed by a crossbow bolt Inventory: Inventory: 582/550 weight (22/52 slots) Coins ('$') $ - 25 gold pieces {1} Amulets ('"') o - a cursed silver amulet of change {25} Weapons (')') a - a blessed +1 quarterstaff (alternate weapon; not wielded) {40} l - a cursed +1 mithril long sword {25} q - an uncursed +0 orcish dagger {10} u - an uncursed +0 dart {1} w - an uncursed +0 dagger {10} Armor ('[') b - an uncursed +0 cloak of magic resistance (being worn) {8} m - a blessed +0 orcish helm {30} x - an uncursed +0 pair of copper dwarvish boots {53} Comestibles ('%') i - 3 uncursed lichen corpses {60} Scrolls ('?') j - an uncursed scroll of teleportation {5} Spellbooks ('+') c - a blessed spellbook of force bolt (wielded) {35} d - a blessed spellbook of magic missile {40} e - an uncursed spellbook of knock {35} f - an uncursed spellbook of jumping {40} p - an uncursed spellbook of create monster {40} Tools ('(') g - an uncursed blindfold {2} h - an uncursed tooled horn {18} r - an uncursed copper magic whistle {3} s - a cursed stone figurine of a gecko {50} v - a cursed stone figurine of a goblin {50} Gems/Stones ('*') n - 2 cursed worthless pieces of orange glass {2} UristMcRaven the Wizard's attributes: Background: You were a Conjurer, a level 3 female elven Wizard. You were chaotic, nominally on a mission for Anhur who was opposed by Ptah (lawful) and Thoth (neutral). You were heterosexual. You were in the Gnomish Mines, on level 3. You entered the dungeon 1150 turns ago. You had 64 experience points, 16 more were needed to attain level 4. Basics: You had 0 out of 16 hit points. You had 20 out of 25 energy points (spell power). Your armor class was 9. Your wallet contained 25 zorkmids. Autopickup was on for '$"=/!?+' plus thrown, with exceptions. Final Characteristics: Your strength was 10 (limit:18). Your dexterity was 16 (limit:18). Your constitution was 10 (limit:16). Your intelligence was 18 (limit:20). Your wisdom was 11 (limit:20). Your charisma was 11 (limit:18). Final Status: You were not hungry. You were burdened; movement was slightly slowed. You were wielding a spellbook. Final Attributes: You were devoutly aligned. You were magic-protected. You had infravision. You were warded. You were harmed by iron. You are dead. Miscellaneous: You disabled loading of bones levels. Total elapsed playing time was 7 minutes and 20 seconds. Vanquished creatures: a dwarf a giant bat 2 gnomes a gecko 5 jackals a fox 4 goblins a sewer rat 4 grid bugs 4 lichens a kobold zombie 25 creatures vanquished. No species were genocided or became extinct. Voluntary challenges: You were an atheist. You never hit with a wielded weapon. You were illiterate. You never genocided any monsters. You never polymorphed an object. You never changed form. You never touched an artifact. You used no wishes. You never owned a pet. You never scared an enemy with impunity. You were celibate. You never generated conflict. Achievements: You attained the rank of Conjurer. You entered a shop. You entered the Gnomish Mines. The Dungeons of Doom: levels 1 to 3 Level 1: A fountain, a tree. Level 2: A jewelry shop, a fountain, a tree. Stairs down to The Gnomish Mines. Level 3: The Gnomish Mines: Level 3: <- You were here. Final resting place for you, killed by a crossbow bolt. Game over: __________ / \ / REST \ / IN \ / PEACE \ / \ | UristMcRaven | | 25 Au | | killed by a | | crossbow bolt | | | | | | 2022 | *| * * * | * _________)/\\_//(\/(/\)/\//\/|_)_______ Goodbye UristMcRaven the Wizard... You died in The Gnomish Mines on dungeon level 3 with 379 points, and 25 pieces of gold, after 1150 moves. You were level 3 with a maximum of 16 hit points when you died.